 Dungeon Crawl Stone Soup version 0.29-a0-375-g5102b3be25 (webtiles) character file.

Game seed: 10338296267940415399

599585 dolemite99 the Conqueror (level 26, -8/212 HPs)
             Began as a Minotaur Fighter on May 1, 2022.
             Was a Priest of Okawaru.
             Killed from afar by an orb of fire (57 damage)
             ... with a fireball
             ... on level 5 of the Realm of Zot on May 4, 2022.
             The game lasted 02:19:17 (105885 turns).

dolemite99 the Conqueror (Minotaur Fighter)       Turns: 105885, Time: 02:19:18

Health: -8/212     AC:  0    Str: 25      XL:     26   Next: 45%
Magic:  0/27       EV: 35    Int:  6 (7)  God:    Okawaru [***...]
Gold:   4158       SH:  0    Dex: 16 (17) Spells: 25/31 levels left

rFire   . . .      SeeInvis .     - Unarmed
rCold   . . .      Faith    .   (shield currently unavailable)
rNeg    . . .      Spirit   +   (body armour currently unavailable)
rPois   .          Reflect  .   (helmet currently unavailable)
rElec   .          Harm     .   (cloak currently unavailable)
rCorr   .          Rampage  .   (gloves currently unavailable)
Will    +....                   (boots currently unavailable)
Stlth   +++.......              X - amulet of guardian spirit
HPRegen 0.45/turn               (ring currently unavailable)
MPRegen 0.20/turn               (ring currently unavailable)

@: bat-form, heroic, flying, studying 3 skills, very quick
A: fast, flying, no casting, tiny, (horns 2), (retaliatory headbutt),
deterioration 2, frail 2, low MP 1, screaming 2, weak 2, subdued magic 1
}: 3/15 runes: barnacled, silver, gossamer
a: Renounce Religion, Heroism


You were on level 5 of the Realm of Zot.
You worshipped Okawaru.
Okawaru was most pleased with you.
You were a bat.
You visited 11 branches of the dungeon, and saw 52 of its levels.
You visited the Abyss 1 time.
You also visited: Wizlab.

You collected 7974 gold pieces.
You spent 3816 gold pieces at shops.

Inventory:

Hand Weapons
 a - the +10 broad axe "Dragonslayer" (melded) {vorpal, *Corrode Str+6 Int+3}
   (You found it on level 3 of the Elven Halls)

   It inflicts extra damage upon your enemies.
   Str:       It affects your strength (+6).
   Int:       It affects your intelligence (+3).
   *Corrode:  It may corrode you when you take damage.
 j - a +8 broad axe of draining
Missiles
 t - 79 boomerangs
 C - 8 throwing nets
 I - 22 silver boomerangs
 J - 14 silver javelins
 M - 31 javelins
Armour
 f - the +2 shield of Resistance (melded) {rF++ rC++ Will++}
   (You bought it in a shop on level 2 of the Shoals)

   rF:        It greatly protects you from fire.
   rC:        It greatly protects you from cold.
   Will:      It greatly increases your willpower.
 u - a +2 cloak of willpower (melded)
 A - the +0 pair of boots of Feral the Leaf (melded) {Contam rCorr Dex+9}
   (You found it on level 15 of the Dungeon)

   Dex:       It affects your dexterity (+9).
   Contam:    It causes magical contamination when unequipped.
   rCorr:     It protects you from acid and corrosion.
 K - a +2 hat of see invisible (melded)
 Q - +5 gold dragon scales (melded)
 T - a +2 pair of gloves of strength (melded)
Magical Staves
 b - a staff of death
Jewellery
 q - a +4 ring of slaying (melded)
 s - the ring of the Ancients {*Corrode Fly rElec Dex+6 SInv}
   (You took it off a merfolk siren on level 4 of the Shoals)

   [ring of flight]

   Dex:       It affects your dexterity (+6).
   rElec:     It insulates you from electricity.
   SInv:      It lets you see invisible.
   Fly:       It grants you flight.
   *Corrode:  It may corrode you when you take damage.
 y - a ring of positive energy
 z - a +4 ring of slaying (melded) {=R}
 B - a ring of protection from fire
 V - a ring of protection from cold
 X - an amulet of guardian spirit (around neck)
 Z - a ring of protection from fire
Wands
 d - a wand of polymorph (44)
 o - a wand of paralysis (14)
 G - a wand of digging (33)
 S - a wand of iceblast (21)
 W - a wand of mindburst (15)
Scrolls
 c - 7 scrolls of fear
 e - 7 scrolls of blinking
 g - a scroll of fog
 k - 7 scrolls of vulnerability
 l - 14 scrolls of teleportation
 L - 3 scrolls of magic mapping
 N - 8 scrolls of silence
 O - 47 scrolls of identify {@r1}
Potions
 i - 8 potions of attraction
 m - 5 potions of mutation
 n - 3 potions of magic
 p - 13 potions of ambrosia
 r - a potion of cancellation
 w - 5 potions of brilliance
 x - 5 potions of berserk rage
 D - 4 potions of heal wounds
 E - a potion of might
 F - 19 potions of curing
 H - 7 potions of flight
 P - 2 potions of haste
 Y - 4 potions of resistance
Miscellaneous
 h - a tin of tremorstones (1/2)
 v - a condenser vane (inert)
 R - a phial of floods (inert)
 U - a lightning rod (4/4)


   Skills:
 O Level 27 Fighting
 - Level 15.2(23.0) Axes
 - Level 15.8(23.2) Polearms
 - Level 13.8(18.8) Throwing
 + Level 25.5(27) Armour
 - Level 14.7(19.7) Dodging
 - Level 11.1(16.1) Shields
 - Level 3.0 Spellcasting
 - Level 9.0 Translocations
 - Level 11.1 Transmutations
 - Level 12.5 Earth Magic
 - Level 11.3 Invocations
 - Level 12.8 Evocations


You had 25 spell levels left.
You knew the following spells:

 Your Spells              Type           Power      Damage    Failure   Level
a - Wereblood             Tmut           10%        N/A       1%          2
b - Passwall              Tmut/Erth      9%         N/A       1%          2
c - Blink                 Tloc           18%        N/A       1%          2

Your spell library contained the following spells:

 Spells                   Type           Power      Damage    Failure   Level
 Beastly Appendage        Tmut           20%        N/A       1%          1
 Sandblast                Erth           24%        2d8       1%          1
 Gell's Gravitas          Tloc           9%         N/A       1%          3
 Lesser Beckoning         Tloc           9%         N/A       1%          3
 Teleport Other           Tloc           9%         N/A       1%          3
 Lee's Rapid Deconstruct  Erth           6%         3d7*      4%          5
 Stone Arrow              Conj/Erth      12%        3d7       7%          3
 Passage of Golubria      Tloc           9%         N/A       7%          4
 Blade Hands              Tmut           5%         N/A       9%          5
 Spider Form              Tmut/Pois      5%         N/A       10%         3
 Portal Projectile        Hex/Tloc       8%         N/A       14%         3
 Ignite Poison            Fire/Tmut/Pois 4%         N/A       21%         3
 Manifold Assault         Tloc           9%         N/A       22%         5
 Leda's Liquefaction      Hex/Erth       3%         N/A       24%         4
 Foxfire                  Conj/Fire      0%         2x1d4     32%         1
 Pain                     Necr           0%         1d4       32%         1
 Slow                     Hex            0%         N/A       32%         1
 Ice Form                 Ice/Tmut       5%         N/A       32%         4
 Statue Form              Tmut/Erth      7%         N/A       36%         6
 Corpse Rot               Necr/Air       0%         N/A       45%         2
 Ensorcelled Hibernation  Hex/Ice        0%         N/A       45%         2
 Poisonous Vapours        Pois/Air       0%         N/A       45%         2
 Scorch                   Fire           0%         2d5       45%         2
 Sublimation of Blood     Necr           0%         N/A       45%         2
 Iskenderun's Mystic Bla  Conj/Tloc      4%         2d3       45%         4
 Borgnjor's Vile Clutch   Necr/Erth      3%         N/A       56%         5
 Yara's Violent Unravell  Hex/Tmut       2%         3d3       67%         5
 Confusing Touch          Hex            0%         N/A       69%         3
 Conjure Flame            Conj/Fire      0%         6-21      69%         3
 Dazzling Flash           Conj/Hex       0%         N/A       69%         3
 Inner Flame              Hex/Fire       0%         N/A       69%         3
 Ozocubu's Armour         Ice            0%         N/A       69%         3
 Vampiric Draining        Necr           0%         2d6       69%         3
 Dispersal                Tloc           4%         N/A       77%         6
 Airstrike                Air            0%         N/A       98%         4
 Anguish                  Hex/Necr       0%         N/A       98%         4
 Cause Fear               Hex            0%         N/A       98%         4
 Dispel Undead            Necr           0%         3d6       98%         4
 Flame Wave               Conj/Fire      0%         2d4       98%         4
 Fulminant Prism          Conj/Hex       0%         3d6       98%         4
 Hailstorm                Conj/Ice       0%         3d3       98%         4
 Olgreb's Toxic Radiance  Pois           0%         N/A       98%         4
 Sticky Flame             Conj/Fire      0%         2d3       98%         4
 Iron Shot                Conj/Erth      3%         9d2       99%         6
 Agony                    Necr           0%         N/A       100%        5
 Excruciating Wounds      Necr           0%         N/A       100%        5
 Lightning Bolt           Conj/Air       0%         1d11      100%        5
 Metabolic Englaciation   Hex/Ice        0%         N/A       100%        5
 Silence                  Hex/Air        0%         N/A       100%        5
 Conjure Ball Lightning   Conj/Air       0%         3x3d6     100%        6
 Starburst                Conj/Fire      0%         6d3       100%        6
 Ozocubu's Refrigeration  Ice            0%         4d5       100%        7
 Borgnjor's Revivificati  Necr           0%         N/A       100%        8
 Discord                  Hex            0%         N/A       100%        8
 Disjunction              Tloc           4%         N/A       100%        8
 Ignition                 Fire           0%         3d3       100%        8
 Lehudib's Crystal Spear  Conj/Erth      3%         10d2      100%        8
 Animate Armour           Summ/Erth      Unusable   N/A       N/A         4
 Call Canine Familiar     Summ           Unusable   N/A       N/A         3
 Tukima's Dance           Hex            Unusable   N/A       N/A         3
 Summon Forest            Summ/Tloc      Unusable   N/A       N/A         5
 Animate Dead             Necr           Unusable   N/A       N/A         4
 Summon Lightning Spire   Summ/Air       Unusable   N/A       N/A         4
 Summon Mana Viper        Hex/Summ       Unusable   N/A       N/A         5
 Death Channel            Necr           Unusable   N/A       N/A         6
 Simulacrum               Ice/Necr       Unusable   N/A       N/A         6
 Summon Cactus Giant      Summ           Unusable   N/A       N/A         6
 Summon Hydra             Summ           Unusable   N/A       N/A         7

Dungeon Overview and Level Annotations

Branches:
Dungeon (15/15)            Temple (1/1) D:6            Lair (6/6) D:11
 Shoals (4/4) Lair:3       Spider (4/4) Lair:2        Slime (0/5) Lair:6
    Orc (2/2) D:10            Elf (3/3) Orc:2        Vaults (5/5) D:13
  Crypt (3/3) Vaults:3     Depths (4/4) D:15            Zot (5/5) Depths:4
 WizLab (visited)
   Tomb: Crypt:3

Altars:
Ashenzari
Cheibriados
Dithmenos
Elyvilon
Fedhas
Gozag
Hepliaklqana
Kikubaaqudgha
Makhleb
Nemelex Xobeh
Okawaru
Qazlal
Ru
Sif Muna
Trog
Uskayaw
Vehumet
Wu Jian
Xom
Yredelemnul
Zin
The Shining One
Beogh

Shops:
D:5 ((   D:6 (*   D:13 [*   Orc:2 (((:   Elf:2 [   Elf:3 =:=   Shoals:2 [
Shoals:3 *:   Vaults:3 (   Vaults:4 (   Depths:1 (*!   Depths:2 *([[

Portals:
Hell: Depths:1 Depths:2 Depths:3 Depths:4
Abyss: Depths:3
Pandemonium: Depths:2 Depths:3
Ziggurat: Depths:1

Annotations:
Vaults:2 3 runed translucent doors, puppykicker's ghost, adept DrAM
Crypt:1 10 runed translucent doors, Ujofet's ghost, veteran MiGl


Innate Abilities, Weirdness & Mutations

You are a bat.
You are tiny and dextrous.
You move quickly.
You are flying.
Your equipment is almost entirely melded.
You are incapable of wielding weapons or throwing items.
You cannot cast spells.
((You have a pair of horns on your head.))
((You reflexively headbutt those who attack you in melee.))
Your body often deteriorates upon taking damage.
You are very frail. (-20% HP)
Your magical capacity is low. (-10% MP)
You frequently scream uncontrollably at your foes.
You are very weak. (Str -4)
Your spells are a little easier to cast, but a little less powerful.


Message History

The orb of fire glows red.
Strange energies course through your body.
You feel the urge to shout.
You slice the orb of fire!! Your headbutt misses the orb of fire.
The orb of fire is almost destroyed.
The orb of fire glows deep purple.
The bolt of fire hits you! You resist. The Killer Klown pies you viciously!
The klown pie hits you!!
Moon pie!
You turn into a bat.
The +10 broad axe "Dragonslayer" {vorpal, *Corrode Str+6 Int+3} melds into your body.
Your +2 cloak of willpower melds into your body.
Your +2 hat of see invisible melds into your body.
Your +2 pair of gloves of strength melds into your body.
The +0 pair of boots of Feral the Leaf {Contam rCorr Dex+9} melds into your body.
The +2 shield of Resistance {rF++ rC++ Will++} melds into your body.
Your +5 gold dragon scales melds into your body.
Your +4 ring of slaying {=R} melds into your body.
Your +4 ring of slaying melds into your body.
You feel less strong-willed.
You feel less perceptive.
You feel weaker.
You hit the orb of fire but do no damage.
The orb of fire is almost destroyed.
The orb of fire glows deep purple.
The bolt of fire hits you!!
Your body deteriorates!
You feel clumsy.
The Killer Klown blinks!
The Killer Klown pies you viciously! The klown pie misses you.
The orb of fire glows red.
Strange energies course through your body.
You feel a strong urge to scream.
The orb of fire glows deep purple.
The fireball explodes!
The fireball engulfs you!!!!
* * * LOW HITPOINT WARNING * * *
Your body deteriorates!
You feel dopey.
There is a stone staircase leading up here.
Okay, then.
The orb of fire glows yellow.
The fireball explodes!
The fireball engulfs you!!!
You die...

########## # #....#...# ##### ##
### #......b.# #...# ##.
..########........#####...#####..
................................#
................*d...............
..##....##...##...#####...#######
####....##...##......##########..
# ##.###......#......####........
#....................§.........
#..................p..........#


You could see an orb of fire and a green draconian (fast).

Vanquished Creatures
  A dread lich (Zot:5)
  8 orbs of fire
  An ancient lich (Zot:5)
  A juggernaut (Depths:2)
  Mara (Shoals:4)
  The ghost of Psyclone the Sorcerer, a legendary OpIE of Gozag (Zot:3)
  Josephina (Crypt:2)
  Vv (Zot:3)
  Boris (Depths:4)
  Saint Roka (Orc:2)
  A curse toe (Depths:4)
  Xtahua (Depths:4)
  Nikola (Vaults:1)
  11 golden dragons
  2 bone dragons (Depths:4)
  3 electric golems
  2 liches
  Jorgrun (Orc:2)
  22 tentacled monstrosities
  10 Orb Guardians (Zot:5)
  4 titans
  9 quicksilver dragons
  A deep elf blademaster (Elf:3)
  A deep elf master archer (Elf:3)
  The ghost of Zeldest the Brawler, an adept TrFi of Jiyva (Spider:1)
  12 death cobs
  Polyphemus (Shoals:4)
  4 ancient champions
  10 sphinxes
  6 tengu reavers
  11 storm dragons
  Gastronok (D:12)
  5 revenants
  Ilsuiw (Shoals:2)
  The ghost of Antichthon the Bludgeoner, an adept GrFi of the Shining One (Spider:4)
  The ghost of Lepuefeh the Tortoise, a journeyman MiBe of Trog (Orc:1)
  2 draconian knights
  10 shadow dragons
  8 draconian monks
  An orc warlord (Vaults:2)
  Donald (Vaults:3)
  A nagaraja (WizLab)
  10 fire giants
  25 vault wardens
  14 frost giants
  8 deep elf sorcerers
  5 draconian scorchers
  8 ghouls
  2 iron dragons (Depths:4)
  4 ghost moths
  A juggernaut zombie (Crypt:2)
  3 emperor scorpions
  2 deep elf elementalists (Elf:3)
  3 curse skulls (Crypt:2)
  Louise (Elf:2)
  A draconian stormcaller (Zot:2)
  A broodmother (Spider:4)
  A draconian shifter (Zot:3)
  2 demonspawn corrupters (WizLab)
  A spriggan defender (Depths:3)
  A quicksilver ooze (shapeshifter) (Vaults:5)
  A stone giant (shapeshifter) (Depths:2)
  9 war gargoyles
  25 ironbound preservers
  11 ironbound thunderhulks
  10 stone giants
  A draconian annihilator (Depths:4)
  21 very ugly things
  The ghost of zazu2006 the Covert, a journeyman NaWz of Vehumet (Orc:1)
  5 black draconians
  Nessos (D:13)
  6 green draconians
  The ghost of spaghetti the Geomancer, a journeyman DDCj of Ru (Orc:1)
  3 deep elf demonologists (Elf:3)
  2 demonspawn black suns (Zot:2)
  8 vampire knights
  8 deep elf annihilators
  5 yellow draconians
  14 red draconians
  4 entropy weavers
  11 dire elephants
  4 purple draconians
  10 spark wasps
  10 eidola
  A bunyip (shapeshifter) (Depths:4)
  2 white draconians (Depths:4)
  10 deep elf death magi
  21 ettins
  A green death (Zot:5)
  5 crystal guardians
  The ghost of croobank the Grappler, a journeyman TrFi of Qazlal (Orc:1)
  6 merfolk javelineers
  2 quicksilver dragon zombies
  15 fire dragons
  A spectral kraken (Shoals:3)
  16 jiangshi
  20 yaktaur captains
  14 merfolk impalers
  Harold (Orc:1)
  4 rakshasas
  2 quicksilver dragon skeletons
  6 great orbs of eyes
  34 vault guards
  A hell beast (Depths:3)
  3 jorogumos
  7 deep elf high priests
  Fannar (Orc:1)
  8 spriggan air magi
  3 ghost crabs (Shoals:3)
  Erolcha (Orc:2)
  4 ogre magi
  Erica (D:9)
  5 peacekeepers
  A merfolk avatar (Lair:6)
  9 boulder beetles
  9 ironbound frosthearts
  A caustic shrike simulacrum (Crypt:2)
  16 centaur warriors
  7 hydras
  7 two-headed ogres
  An alligator snapping turtle (Shoals:4)
  An anaconda (shapeshifter) (Vaults:4)
  7 catoblepae
  7 ice dragons
  3 merfolk aquamancers (Shoals:4)
  2 radroaches
  4 deep troll shamans
  10 death yaks
  2 hell hogs (Depths:3)
  A death knight (Crypt:2)
  6 tengu warriors
  33 dancing weapons
  A titan zombie (Crypt:2)
  10 vampire magi
  6 satyrs
  Urug (D:12)
  6 deep troll earth magi
  8 spriggan berserkers
  Nergalle (D:10)
  Sonja (Orc:1)
  A spriggan (Depths:3)
  An orc high priest (Orc:1)
  14 deep elf knights
  9 hell knights
  A titan skeleton (Crypt:1)
  A sun demon (Depths:3)
  A fire crab (shapeshifter) (Elf:1)
  2 soul eaters
  11 iron trolls
  2 pharaoh ants
  25 skeletal warriors
  A spark wasp zombie (Depths:2)
  67 deep trolls
  13 sea snakes
  2 spriggan druids (Depths:3)
  4 steelbarb worms
  5 sun moths
  7 flayed ghosts
  A shadow dragon zombie (Crypt:2)
  14 orb spiders
  A quicksilver dragon simulacrum (Crypt:2)
  2 glowing orange brains
  17 wizards
  8 orc knights
  A spriggan simulacrum (Crypt:2)
  4 bog bodies
  25 deep elf zephyrmancers
  12 lindwurms
  14 ironbound convokers
  A tengu zombie (Vaults:3)
  2 golden dragon skeletons
  7 deep elf archers
  11 phantasmal warriors
  14 harpies
  12 wolf spiders
  35 ugly things
  10 necromancers
  24 deep elf pyromancers
  3 orc sorcerers
  A tengu skeleton (Depths:2)
  8 cyclopes
  A frost giant zombie (Depths:2)
  33 moths of wrath
  31 fauns
  5 worldbinders (WizLab)
  An iron dragon zombie (Crypt:3)
  15 manticores
  11 merfolk sirens
  A guardian serpent (WizLab)
  6 water nymphs
  A dire elephant zombie (Crypt:2)
  Maurice (Orc:2)
  22 vault sentinels
  10 elephants
  3 black mambas
  5 torpor snails
  5 gargoyles
  10 cane toads
  A centaur skeleton (Crypt:1)
  13 komodo dragons
  A rime drake (shapeshifter) (Vaults:1)
  A komodo dragon (shapeshifter) (Vaults:5)
  A kobold demonologist (D:13)
  2 spectral sea snakes (Shoals:3)
  9 rime drakes
  A spriggan zombie (D:15)
  A yellow draconian zombie (Crypt:3)
  8 tengu conjurers
  4 swamp worm zombies (Crypt:1)
  33 yaktaurs
  A spectral water nymph (Shoals:3)
  9 demonic crawlers
  2 spectral merfolk (Shoals:3)
  A green draconian skeleton (Crypt:3)
  5 freezing wraiths
  A sea snake skeleton (Crypt:2)
  A death yak skeleton (Crypt:2)
  3 polar bears (Lair:6)
  A queen bee (Spider:3)
  A red draconian skeleton (Crypt:3)
  6 guardian mummies
  9 meliai
  28 merfolk
  A white draconian skeleton (Crypt:1)
  A yaktaur skeleton (Vaults:3)
  A queen bee (shapeshifter) (Elf:1)
  6 trolls
  A harpy zombie (Crypt:1)
  15 tarantellas
  22 wind drakes
  A hornet (Depths:3)
  A hydra zombie (Crypt:2)
  An alligator zombie (Crypt:2)
  24 blink frogs
  25 slime creatures
  14 dream sheep
  2 hornets (shapeshifter)
  An ettin zombie (Vaults:3)
  A hydra skeleton (Crypt:1)
  12 snapping turtles
  Grinder (D:5)
  16 jumping spiders
  6 air elementals
  3 wraiths
  A spriggan skeleton (D:15)
  14 culicivoras
  A spriggan (shapeshifter) (Vaults:5)
  Sigmund (D:3)
  A shadow (D:11)
  4 vampires
  A black mamba zombie (Crypt:1)
  3 basilisks
  23 water elementals
  3 ushabtiu (Crypt:3)
  Eustachio (D:5)
  16 humans
  7 wyverns
  41 yaks
  A fire elemental (Elf:2)
  4 golden eyes (WizLab)
  2 steam dragons (Lair:6)
  32 redbacks
  11 vampire mosquitoes
  A redback (shapeshifter) (Depths:4)
  Menkaure (D:4)
  A harpy simulacrum (Crypt:2)
  A warg (Orc:2)
  An acid dragon (D:12)
  A human skeleton (Vaults:3)
  4 swamp worms (Lair:6)
  Duvessa (D:4)
  25 water moccasins
  40 orc warriors
  2 sky beasts (D:7)
  A hornet zombie (Crypt:2)
  A black bear (D:5)
  An ice beast (D:7)
  14 wolves
  8 ogres
  20 centaurs
  An elephant skeleton (Crypt:2)
  A phantom (D:4)
  2 kobold brigands
  A spectral cyclops (Shoals:3)
  8 bullfrogs
  4 earth elementals
  6 necrophages
  A gnoll sergeant (D:7)
  3 scorpions
  A water moccasin zombie (Crypt:1)
  Dowan (D:4)
  5 wights (D:8)
  A polar bear skeleton (Crypt:1)
  26 killer bees
  6 electric eels
  6 howler monkeys
  A wolf skeleton (Crypt:2)
  A hound (D:6)
  A jelly (D:6)
  Crazy Yiuf (D:2)
  19 orc priests
  2 gnoll shamans
  5 iguanas
  Ijyb (D:3)
  22 orc wizards
  An acid dragon zombie (Crypt:1)
  2 naga skeletons
  12 gnolls
  9 adders
  2 shadow imps
  2 white imps (D:6)
  An ufetubus (D:5)
  An adder skeleton (Crypt:2)
  3 worms
  5 dart slugs
  94 orcs
  8 ball pythons
  2 bats
  9 endoplasms
  6 giant cockroaches
  16 goblins
  13 hobgoblins
  2 jackals (D:4)
  2 quokkas
  3 frilled lizards
  A frilled lizard (shapeshifter) (Vaults:5)
  2 gnoll skeletons (Crypt:3)
  18 kobolds
  A kobold zombie (Crypt:3)
  2 orc skeletons
  7 rats
  2 bushes
  3 tentacles
2282 creatures vanquished.

Vanquished Creatures (others)
  A draconian monk (Zot:3)
  A rakshasa (Depths:3)
  A deep elf knight (Elf:2)
  2 deep elf pyromancers (Elf:2)
  A deep elf archer (Elf:3)
  2 deep elf zephyrmancers
  A storm dragon simulacrum (Crypt:2)
  An anaconda simulacrum (Crypt:2)
  A blink frog (Lair:6)
  An orc (D:7)
  67 fungi
  194 plants
  18 tentacles
  22 withered plants
313 creatures vanquished.

Grand Total: 2595 creatures vanquished

Notes
Turn   | Place    | Note
-------+----------+-------------------------------------------
     0 | D:1      | dolemite99 the Minotaur Fighter began the quest for the
                  | Orb.
     0 | D:1      | Reached XP level 1. HP: 19/19 MP: 0/0
   141 | D:1      | Found a faded altar of an unknown god.
   193 | D:1      | Prayed at the altar of an unknown god.
   193 | D:1      | Became a worshipper of the Shining One
   193 | D:1      | Reached * piety under the Shining One
   304 | D:1      | Reached XP level 2. HP: 26/26 MP: 1/1
  1085 | D:1      | Reached XP level 3. HP: 31/31 MP: 2/2
  1408 | D:2      | Reached skill level 5 in Axes
  1637 | D:2      | Reached XP level 4. HP: 39/39 MP: 3/3
  1848 | D:2      | Found a runed translucent door.
  1849 | D:2      | Noticed Crazy Yiuf
  1958 | D:2      | Killed Crazy Yiuf
  1959 | D:2      | Reached skill level 1 in Throwing
  1960 | D:2      | HP: 1/39 [poisoned by Crazy Yiuf]
  2286 | D:3      | Noticed Sigmund
  2286 | D:3      | Noticed a scorpion
  2294 | D:3      | Killed Sigmund
  2295 | D:3      | Reached XP level 5. HP: 34/45 MP: 4/4
  2296 | D:3      | Reached XP level 6. HP: 38/51 MP: 5/5
  2520 | D:3      | Noticed Ijyb
  2540 | D:3      | Killed Ijyb
  2829 | D:4      | Noticed Menkaure
  2829 | D:4      | Reached ** piety under the Shining One
  2837 | D:4      | Killed Menkaure
  3069 | D:4      | Reached XP level 7. HP: 55/57 MP: 6/6
  3174 | D:4      | Found a glowing silver altar of Zin.
  3426 | D:4      | You fall into a shaft and drop 1 floor!
  3426 | D:5      | Entered Level 5 of the Dungeon
  3589 | D:5      | Noticed Eustachio
  3597 | D:5      | Killed Eustachio
  3598 | D:5      | Reached skill level 5 in Throwing
  4198 | D:4      | Noticed Duvessa
  4200 | D:4      | Noticed Dowan
  4206 | D:4      | Killed Duvessa
  4207 | D:4      | Reached XP level 8. HP: 54/64 MP: 7/7
  4223 | D:4      | Killed Dowan
  4752 | D:5      | Found Ateet's Weapon Shoppe.
  4817 | D:5      | Reached skill level 10 in Axes
  4930 | D:5      | Noticed Grinder
  4934 | D:5      | Paralysed by Grinder for 7 turns
  4944 | D:5      | Killed Grinder
  5428 | D:5      | Found Xoycih's Weapon Shop.
  5436 | D:5      | Bought 6 poisoned darts for 36 gold pieces
  5656 | D:6      | Noticed a gargoyle
  5666 | D:6      | Killed a gargoyle
  5717 | D:6      | Found a staircase to the Ecumenical Temple.
  5754 | Temple   | Entered the Ecumenical Temple
  6196 | Temple   | Fell from the grace of the Shining One
  6196 | Temple   | Became a worshipper of Warmaster Okawaru
  6412 | D:6      | Reached XP level 9. HP: 68/70 MP: 8/8
  6628 | D:6      | Identified the +0 ring mail "Kiynit" {rF++ Str-2 Slay+3}
  6668 | D:6      | Found Omae's Serpentskin Sales.
  6682 | D:6      | Bought 3 poisoned darts for 12 gold pieces
  6682 | D:6      | Bought 3 poisoned darts for 12 gold pieces
  6682 | D:6      | Bought a +1 plate armour of poison resistance for 320 gold
                  | pieces
  6913 | D:6      | Reached skill level 5 in Armour
  6913 | D:6      | Reached skill level 4 in Fighting
  6991 | D:6      | Reached * piety under Okawaru
  7103 | D:6      | Found Pidapny's Weapon Boutique.
  7505 | D:7      | Reached skill level 5 in Fighting
  7700 | D:7      | Reached skill level 6 in Fighting
  8105 | D:7      | Reached skill level 7 in Fighting
  8314 | D:7      | Reached ** piety under Okawaru
  8370 | D:7      | Reached skill level 8 in Fighting
  9270 | D:8      | Reached skill level 1 in Evocations
  9505 | D:8      | Reached XP level 10. HP: 90/90 MP: 9/9
 10298 | D:9      | Noticed Erica
 10315 | D:9      | Killed Erica
 10315 | D:9      | Reached *** piety under Okawaru
 10316 | D:9      | Reached skill level 5 in Evocations
 11377 | D:9      | Reached skill level 1 in Polearms
 11429 | D:10     | Entered Level 10 of the Dungeon
 11442 | D:10     | Noticed a two-headed ogre
 11487 | D:10     | Noticed an ogre mage
 11488 | D:10     | Noticed Nergalle
 11508 | D:10     | Killed an ogre mage
 11643 | D:10     | Killed Nergalle
 11902 | D:10     | Found a staircase to the Orcish Mines.
 11990 | D:10     | Noticed a two-headed ogre
 11998 | D:10     | Killed a two-headed ogre
 11998 | D:10     | Reached **** piety under Okawaru
 11999 | D:10     | Reached XP level 11. HP: 72/95 MP: 7/10
 12021 | D:10     | Noticed an ogre mage
 12343 | D:10     | Noticed a two-headed ogre
 12371 | D:9      | Killed a two-headed ogre
 12377 | D:9      | Received a gift from Okawaru
 12800 | D:10     | Noticed a centaur warrior
 12809 | D:10     | Killed a centaur warrior
 12810 | D:10     | Reached skill level 10 in Polearms
 13227 | D:10     | Killed an ogre mage
 13848 | D:11     | Killed a two-headed ogre
 14036 | D:11     | Found a staircase to the Lair.
 14768 | Lair:1   | Entered Level 1 of the Lair of Beasts
 14797 | Lair:1   | Received a gift from Okawaru
 15114 | Lair:1   | Noticed an eight-headed hydra
 15909 | Lair:1   | Killed an eight-headed hydra
 16037 | Lair:1   | Received a gift from Okawaru
 16064 | Lair:1   | Reached XP level 12. HP: 95/103 MP: 11/11
 16389 | Lair:1   | Reached skill level 1 in Invocations
 16982 | Lair:1   | Reached skill level 9 in Fighting
 17022 | Lair:1   | Reached ***** piety under Okawaru
 17558 | Lair:2   | Found a hole to the Spider Nest.
 17706 | Lair:2   | You fall into a shaft and drop 1 floor!
 17822 | Lair:2   | Noticed a catoblepas
 17826 | Lair:2   | Noticed an eight-headed hydra
 17839 | Lair:2   | Killed an eight-headed hydra
 17840 | Lair:2   | Reached skill level 10 in Fighting
 17846 | Lair:2   | Killed a catoblepas
 17846 | Lair:2   | Identified the +0 crystal plate armour of Conscience
                  | {rPois} (Okawaru gifted it to you on level 2 of the Lair of
                  | Beasts)
 17846 | Lair:2   | Received a gift from Okawaru
 18785 | Lair:3   | Noticed a catoblepas
 18803 | Lair:3   | Killed a catoblepas
 18919 | Lair:3   | Reached skill level 5 in Invocations
 19014 | Lair:3   | Noticed a death yak
 19014 | Lair:3   | Noticed a death yak
 19014 | Lair:3   | Noticed a death yak
 19026 | Lair:3   | Killed a death yak
 19032 | Lair:3   | Killed a death yak
 19035 | Lair:3   | Killed a death yak
 19175 | Lair:3   | Reached skill level 11 in Fighting
 19203 | Lair:3   | Reached XP level 13. HP: 100/116 MP: 11/16
 19896 | Lair:3   | Found a staircase to the Shoals.
 21370 | Lair:5   | Reached skill level 12 in Fighting
 21370 | Lair:5   | Reached skill level 10 in Armour
 21673 | Lair:5   | Received a gift from Okawaru
 21994 | Lair:5   | Received a gift from Okawaru
 22107 | Lair:5   | Upgraded the game from 0.29-a0-369-gd956c00756 to
                  | 0.29-a0-375-g5102b3be25
 23111 | Lair:6   | Entered Level 6 of the Lair of Beasts
 23230 | Lair:6   | Reached skill level 13 in Fighting
 23567 | Lair:6   | Reached XP level 14. HP: 116/129 MP: 19/19
 24739 | Lair:6   | Found a staircase to the Slime Pits.
 25401 | Orc:1    | Entered Level 1 of the Orcish Mines
 25401 | Orc:1    | Noticed Harold
 25411 | Orc:1    | Killed Harold
 25411 | Orc:1    | Received a gift from Okawaru
 25525 | Orc:1    | Found a burning altar of Makhleb.
 25580 | Orc:1    | Noticed Fannar
 25587 | Orc:1    | Killed Fannar
 25591 | Orc:1    | Reached skill level 14 in Fighting
 25593 | Orc:1    | Paralysed by an orc sorcerer for 4 turns
 25654 | Orc:1    | Found a runed translucent gate.
 25654 | Orc:1    | Found a runed translucent gate.
 25654 | Orc:1    | Found a runed translucent gate.
 25655 | Orc:1    | Noticed croobank's ghost (journeyman TrFi)
 26049 | Orc:1    | Noticed spaghetti's ghost (journeyman DDCj)
 26049 | Orc:1    | Noticed Lepuefeh's ghost (journeyman MiBe)
 26050 | Orc:1    | Noticed zazu2006's ghost (journeyman NaWz)
 26648 | Orc:2    | Entered Level 2 of the Orcish Mines
 26713 | Orc:2    | Reached skill level 15 in Polearms
 26871 | Orc:2    | Noticed Erolcha
 26877 | Orc:2    | Killed Erolcha
 26901 | Orc:2    | Noticed Maurice
 26911 | Orc:2    | Killed Maurice
 26981 | Orc:2    | Noticed Sonja
 27000 | Orc:1    | Killed Sonja
 27922 | Orc:2    | Noticed Jorgrun
 27967 | Orc:2    | Killed Jorgrun
 28383 | Orc:2    | Noticed Saint Roka
 28758 | Orc:2    | Killed Saint Roka
 29329 | Orc:2    | Found a staircase to the Elven Halls.
 29695 | Orc:2    | Found Tusig's Weapon Boutique.
 29695 | Orc:2    | Found Ojischit's Weapon Emporium.
 29697 | Orc:2    | Found Istoag's Book Shoppe.
 29699 | Orc:2    | Found Ukliy's Antique Weapon Shop.
 30290 | D:12     | Reached XP level 15. HP: 138/138 MP: 17/20
 30447 | D:12     | Noticed Gastronok
 30476 | D:12     | Killed Gastronok
 31450 | D:12     | Received a gift from Okawaru
 31625 | D:13     | Noticed Urug
 31625 | D:13     | Noticed Nessos
 31625 | D:13     | Found a gate to the Vaults.
 31740 | D:13     | Reached skill level 15 in Axes
 31830 | D:13     | Found Zunwuli's CLEARANCE SALE!.
 31855 | D:13     | Bought a potion of might for 20 gold pieces
 32018 | D:13     | Found Ysaosch Fishra's Armour Boutique.
 32190 | D:13     | Received a gift from Okawaru
 32952 | D:12     | Killed Urug
 33583 | D:13     | Killed Nessos
 34493 | D:14     | Reached skill level 15 in Fighting
 35304 | D:14     | Identified the +2 hunting sling of Xun Roed {venom, rPois
                  | rF- Dex+2}
 35871 | D:15     | Entered Level 15 of the Dungeon
 36821 | D:14     | HP: 1/141 [skeletal warrior/+0 battleaxe (10)]
 37501 | D:15     | Found a staircase to the Depths.
 38088 | D:15     | Found a white marble altar of Elyvilon.
 38171 | D:15     | Reached skill level 16 in Fighting
 38463 | D:15     | Identified the +0 pair of boots of Feral the Leaf {Contam
                  | rCorr Dex+9}
 38633 | Spider:1 | Entered Level 1 of the Spider Nest
 38633 | Spider:1 | Found a runed translucent door.
 38778 | Spider:1 | Noticed Zeldest's ghost (adept TrFi)
 39050 | Spider:1 | Reached skill level 15 in Armour
 39267 | Spider:1 | Gained mutation: Your body sometimes deteriorates upon
                  | taking damage. [mutagenic glow]
 40472 | Spider:1 | Reached XP level 16. HP: 141/152 MP: 19/21
 41648 | Spider:2 | Received a gift from Okawaru
 42082 | Spider:2 | Reached skill level 17 in Fighting
 43550 | Spider:3 | Identified a scroll of acquirement
 46665 | Spider:3 | Identified the +1 scale mail of Mepyax {Drain rN+ MP+9}
 47576 | Spider:2 | Acquired the +0 kite shield of the Hurricane {Str+3}
 47645 | Spider:3 | Reached skill level 5 in Shields
 48682 | Spider:4 | Entered Level 4 of the Spider Nest
 49113 | Spider:4 | Found a runed translucent door.
 49115 | Spider:4 | Noticed Antichthon's ghost (adept GrFi)
 49301 | Spider:4 | Identified the +3 helmet "Geyhioge" {rPois Str+4 Dex-3}
 49976 | Spider:4 | Received a gift from Okawaru
 50575 | Spider:4 | Reached skill level 10 in Shields
 51166 | Spider:4 | Got a gossamer rune of Zot
 51418 | Spider:4 | Killed Antichthon's ghost
 51626 | Shoals:1 | Entered Level 1 of the Shoals
 51851 | Shoals:1 | Reached XP level 17. HP: 133/156 MP: 19/22
 51915 | Shoals:1 | Reached skill level 18 in Fighting
 52649 | Shoals:1 | Noticed a kraken
 52930 | Shoals:2 | Noticed Ilsuiw
 52955 | Shoals:2 | Killed Ilsuiw
 53403 | Shoals:2 | Received a gift from Okawaru
 54162 | Shoals:2 | Reached skill level 19 in Fighting
 54470 | Shoals:2 | Found Offoth's Armour Shop.
 54475 | Shoals:2 | Noticed a kraken
 54485 | Shoals:2 | Bought the +2 shield of Resistance {rF++ rC++ Will++} for
                  | 1103 gold pieces
 54485 | Shoals:2 | Found the +2 shield of Resistance {rF++ rC++ Will++}
 54643 | Vaults:1 | Entered Level 1 of the Vaults
 54663 | Vaults:1 | Received a gift from Okawaru
 54993 | Vaults:1 | Received a gift from Okawaru
 55534 | Vaults:1 | Received a gift from Okawaru
 55555 | Vaults:1 | Reached skill level 20 in Fighting
 55998 | Vaults:1 | Reached XP level 18. HP: 113/178 MP: 23/23
 56593 | Vaults:1 | Received a gift from Okawaru
 57357 | Vaults:1 | Noticed Nikola
 57376 | Vaults:1 | Killed Nikola
 57376 | Vaults:1 | Received a gift from Okawaru
 58101 | Vaults:1 | Reached skill level 21 in Fighting
 58734 | Vaults:2 | Received a gift from Okawaru
 58785 | Vaults:2 | Received a gift from Okawaru
 59152 | Vaults:2 | Received a gift from Okawaru
 59358 | Vaults:2 | Found a runed translucent gate.
 59358 | Vaults:2 | Found a runed translucent gate.
 59358 | Vaults:2 | Found a runed translucent gate.
 59358 | Vaults:2 | Noticed puppykicker's ghost (adept DrAM)
 59358 | Vaults:2 | Identified the +1 chain mail of the Shore {Int-5 Dex+6}
 59377 | Vaults:2 | Reached skill level 22 in Fighting
 59381 | Vaults:2 | You fall into a shaft and drop 2 floors!
 60111 | Vaults:2 | Reached XP level 19. HP: 192/192 MP: 21/24
 60151 | Vaults:2 | Reached skill level 1 in Dodging
 60251 | Vaults:2 | Received a gift from Okawaru
 60938 | Vaults:2 | Reached skill level 5 in Dodging
 61053 | Vaults:2 | Received a gift from Okawaru
 61602 | Vaults:2 | Identified the ring "Biffinirch" {rElec Will++ rCorr Str+4
                  | SInv}
 62867 | Vaults:3 | Noticed Donald
 62873 | Vaults:3 | Killed Donald
 62961 | Vaults:3 | Received a gift from Okawaru
 63427 | Vaults:3 | Found Ciciaf's Weapon Emporium.
 63630 | Vaults:3 | Found a staircase to the Crypt.
 64173 | Vaults:4 | Reached skill level 10 in Dodging
 64286 | Vaults:4 | Received a gift from Okawaru
 64556 | Vaults:4 | Found Tesajer's Weapon Shoppe.
 64636 | Vaults:4 | Received a gift from Okawaru
 64665 | Vaults:4 | Reached XP level 20. HP: 193/200 MP: 22/25
 64815 | Vaults:4 | Received a gift from Okawaru
 65175 | Vaults:4 | Reached skill level 10 in Evocations
 65808 | Spider:1 | Killed Zeldest's ghost
 66039 | Orc:1    | Killed spaghetti's ghost
 66045 | Orc:1    | Killed zazu2006's ghost
 66049 | Orc:1    | Killed croobank's ghost
 66066 | Orc:1    | Killed Lepuefeh's ghost
 66299 | Depths:1 | Entered Level 1 of the Depths
 66375 | Depths:1 | Found Zeher's Assorted Antiques.
 66384 | Depths:1 | Bought a potion of might for 192 gold pieces
 66384 | Depths:1 | Bought a wand of iceblast (3) for 192 gold pieces
 66402 | Depths:1 | Found Qaixiuss's Distillery.
 66406 | Depths:1 | Found Ringub's Weapon Shop.
 66422 | Depths:1 | Bought a potion of heal wounds for 90 gold pieces
 66422 | Depths:1 | Bought a potion of berserk rage for 90 gold pieces
 66422 | Depths:1 | Bought a potion of flight for 54 gold pieces
 66422 | Depths:1 | Bought 2 potions of flight for 108 gold pieces
 66422 | Depths:1 | Bought a potion of curing for 54 gold pieces
 66422 | Depths:1 | Bought a potion of curing for 54 gold pieces
 66422 | Depths:1 | Bought a potion of magic for 144 gold pieces
 67012 | Depths:1 | Found a gateway to Hell.
 67591 | Depths:1 | Received a gift from Okawaru
 67936 | Depths:1 | Found a one-way gateway to a ziggurat.
 68031 | Depths:1 | Received a gift from Okawaru
 68031 | Depths:1 | Found the +4 robe of Folly {Brilliance Will-∞ Int+8}
 68337 | Depths:2 | Found Ygaker's Antique Weapon Boutique.
 68400 | Depths:2 | Found Mibbez's General Store.
 68772 | Depths:2 | Found a one-way gate leading to the halls of Pandemonium.
 68934 | Depths:2 | Found Bompuy's Antique Armour Shop.
 68972 | Depths:2 | Reached skill level 10 in Throwing
 69208 | Depths:2 | Found a glowing golden altar of the Shining One.
 69285 | Depths:2 | Found Siafao's Armour Shop.
 69534 | Depths:2 | Noticed a golden dragon
 69535 | Depths:2 | Noticed a juggernaut
 69555 | Depths:2 | Killed a juggernaut
 69556 | Depths:2 | Reached XP level 21. HP: 201/207 MP: 19/26
 69564 | Depths:2 | Killed a golden dragon
 69606 | Depths:2 | You fall into a shaft and drop 1 floor!
 69606 | Depths:3 | Found a one-way gate to the infinite horrors of the Abyss.
 69626 | Depths:3 | Received a gift from Okawaru
 69701 | Depths:3 | Received a gift from Okawaru
 70254 | Depths:3 | Received a gift from Okawaru
 70602 | Depths:3 | Received a gift from Okawaru
 70838 | Depths:3 | Received a gift from Okawaru
 70859 | Depths:3 | Found a bloodstained altar of Trog.
 71270 | Depths:4 | Entered Level 4 of the Depths
 71302 | Depths:4 | Found an iron altar of Okawaru.
 71535 | Depths:4 | Found a magical portal.
 71550 | WizLab   | Entered Alistair's Party Mansion
 71623 | WizLab   | Received a gift from Okawaru
 72005 | WizLab   | Noticed a golden dragon
 72551 | WizLab   | Acquired a manual of Invocations
 73132 | Depths:4 | Found a gate to the Realm of Zot.
 73132 | Depths:4 | Noticed a golden dragon
 73132 | Depths:4 | Noticed a golden dragon
 73144 | Depths:4 | Killed a golden dragon
 73156 | Depths:4 | Killed a golden dragon
 73157 | Depths:4 | Reached skill level 10 in Invocations
 73569 | Elf:1    | Entered Level 1 of the Elven Halls
 73720 | Elf:1    | Received a gift from Okawaru
 74180 | Elf:1    | Found an ancient bone altar of Kikubaaqudgha.
 74301 | Elf:1    | Got the Papyrus of Sand
 74585 | Elf:1    | Got the Tome of Axaxaxas mlö
 74904 | Elf:1    | Reached XP level 22. HP: 149/201 MP: 26/29
 75496 | Elf:2    | Cast into level 2 of the Abyss (+2 flail of distortion)
 75506 | Elf:2    | Escaped the Abyss
 75604 | Elf:2    | Noticed Louise
 75613 | Elf:2    | Killed Louise
 75888 | Elf:2    | Found a huge runed translucent gate.
 75888 | Elf:2    | Found a huge runed translucent gate.
 75890 | Elf:2    | Found a huge runed translucent gate.
 75890 | Elf:2    | Found a huge runed translucent gate.
 75891 | Elf:2    | Found a huge runed translucent gate.
 76026 | Elf:2    | Found Atwoloim's Antique Armour Shoppe.
 76841 | Elf:3    | Entered Level 3 of the Elven Halls
 76928 | Elf:3    | Found a radiant altar of Vehumet.
 77556 | Elf:3    | Received a gift from Okawaru
 77571 | Elf:3    | Found Fokkuel's Jewellery Boutique.
 77572 | Elf:3    | Found Hity's Book Emporium.
 77573 | Elf:3    | Found Coac's Jewellery Boutique.
 77586 | Elf:3    | Bought an amulet of guardian spirit for 510 gold pieces
 78017 | Elf:3    | Received a gift from Okawaru
 78049 | Elf:3    | Received a gift from Okawaru
 78051 | Elf:3    | Identified the +3 long sword of the Tooth {freeze, rN+
                  | Int+3}
 78636 | Elf:3    | Identified the ring of the Blushing Traitor {rCorr Str+4}
 79394 | Elf:3    | Identified the +1 pair of gloves of the First Mouths {Fly
                  | rC- Will+ Str+3}
 79396 | Elf:3    | Identified the +10 broad axe "Dragonslayer" {vorpal,
                  | *Corrode Str+6 Int+3}
 79405 | Elf:3    | Identified the +5 scale mail "Seen" {Dex+4}
 79407 | Elf:3    | Identified the +5 chain mail of Monotheism {Will+ Int+6}
 79781 | Elf:2    | Identified the +9 flail of Watchfulness {vamp, Will+
                  | Stlth+}
 79817 | Elf:3    | Bought a +4 ring of slaying for 780 gold pieces
 79829 | Elf:3    | Learned a level 2 spell: Blink
 79832 | Elf:3    | Learned a level 2 spell: Passwall
 80365 | Shoals:2 | Identified the ring of a Thousand Bounties {Slay+3 SInv}
 80375 | Shoals:2 | Reached skill level 1 in Translocations
 81092 | Shoals:3 | Found Zanum's Book Shoppe.
 81367 | Shoals:3 | Found Efouwnokh's General Store.
 81470 | Shoals:3 | Bought a scroll of poison for 45 gold pieces
 81583 | Shoals:4 | Entered Level 4 of the Shoals
 81851 | Shoals:4 | Reached skill level 5 in Translocations
 81906 | Shoals:4 | Paralysed by an air elemental for 1 turns
 82013 | Shoals:4 | Identified the ring of the Ancients {*Corrode Fly rElec
                  | Dex+6 SInv}
 82156 | Shoals:4 | Got a barnacled rune of Zot
 82199 | Shoals:4 | Paralysed by an air elemental for 1 turns
 82228 | Shoals:4 | Noticed Polyphemus
 82233 | Shoals:4 | Paralysed by an air elemental for 1 turns
 82347 | Shoals:4 | Reached XP level 23. HP: 213/223 MP: 28/30
 82402 | Shoals:4 | Killed Polyphemus
 82406 | Shoals:4 | Paralysed by an air elemental for 1 turns
 82407 | Shoals:4 | Paralysed by an air elemental for 1 turns
 82408 | Shoals:4 | Paralysed by an air elemental for 1 turns
 82411 | Shoals:4 | Paralysed by an air elemental for 1 turns
 82413 | Shoals:4 | Paralysed by an air elemental for 1 turns
 82556 | Shoals:4 | Paralysed by an air elemental for 1 turns
 83210 | Shoals:4 | Noticed Mara
 83221 | Shoals:4 | Killed Mara
 84092 | Crypt:1  | Entered Level 1 of the Crypt
 84129 | Crypt:1  | Noticed Ujofet's ghost (veteran MiGl)
 84138 | Crypt:1  | Found a huge runed translucent gate.
 84139 | Crypt:1  | Found a huge runed translucent gate.
 84139 | Crypt:1  | Found a huge runed translucent gate.
 84139 | Crypt:1  | Found a huge runed translucent gate.
 84140 | Crypt:1  | Found a huge runed translucent gate.
 84140 | Crypt:1  | Found a huge runed translucent gate.
 84140 | Crypt:1  | Found a huge runed translucent gate.
 84142 | Crypt:1  | Found a huge runed translucent gate.
 84142 | Crypt:1  | Found a huge runed translucent gate.
 84181 | Crypt:1  | Reached skill level 1 in Spellcasting
 84225 | Crypt:1  | Received a gift from Okawaru
 84299 | Crypt:1  | Found a runed translucent door.
 84819 | Crypt:1  | Received a gift from Okawaru
 84936 | Crypt:1  | Received a gift from Okawaru
 85653 | Crypt:2  | Identified the ring of Fyteh {Ice rN+}
 85653 | Crypt:2  | Noticed Josephina
 85661 | Crypt:2  | Killed Josephina
 85662 | Crypt:2  | Reached skill level 1 in Earth Magic
 86012 | Crypt:2  | Received a gift from Okawaru
 86089 | Crypt:2  | Reached skill level 5 in Earth Magic
 86552 | Crypt:2  | Received a gift from Okawaru
 87645 | Crypt:3  | Entered Level 3 of the Crypt
 88832 | Vaults:5 | Entered Level 5 of the Vaults
 88840 | Vaults:5 | Received a gift from Okawaru
 88848 | Vaults:5 | Reached XP level 24. HP: 219/232 MP: 29/30
 88894 | Vaults:5 | Reached skill level 10 in Earth Magic
 88895 | Vaults:5 | Received a gift from Okawaru
 89181 | Vaults:5 | Received a gift from Okawaru
 89534 | Vaults:5 | Identified the +2 great mace "Nevydgh" {vamp, rElec}
 89538 | Vaults:5 | Identified the +8 hand axe of Propriety {pain, *Slow Str+10
                  | Stlth+}
 89663 | Vaults:5 | Identified the +8 great sword "Reedd" {vorpal, rC+ Will+
                  | Stlth+}
 89832 | Vaults:5 | Received a gift from Okawaru
 90111 | Vaults:5 | Reached skill level 1 in Transmutations
 90783 | Vaults:5 | Found the +3 giant club "Skullcrusher" {speed, Str+7}
 90787 | Vaults:5 | Got a silver rune of Zot
 90881 | Vaults:5 | Reached skill level 5 in Transmutations
 91722 | Depths:4 | Noticed Xtahua
 91733 | Depths:4 | Killed Xtahua
 91813 | Depths:4 | Received a gift from Okawaru
 92601 | Depths:4 | Noticed Boris
 92610 | Depths:4 | Killed Boris
 92817 | Zot:1    | Entered Level 1 of the Realm of Zot
 92827 | Zot:1    | Reached XP level 25. HP: 233/238 MP: 24/30
 94150 | Depths:4 | Reached skill level 10 in Transmutations
 94415 | Depths:4 | Received a gift from Okawaru
 95941 | Zot:1    | Received a gift from Okawaru
 96348 | Zot:1    | Received a gift from Okawaru
 96876 | Zot:1    | Reached skill level 23 in Fighting
 98181 | Zot:2    | Noticed an orb of fire
 98201 | Zot:2    | Killed an orb of fire
 98202 | Zot:2    | Reached skill level 24 in Fighting
 98399 | Zot:2    | Identified the +6 spear of Xiuniuxt {flame, Str+4}
 98400 | Zot:2    | Got Lacwis's Catalogue of The Black Sun
 99804 | Zot:3    | Found a large runed translucent door.
 99804 | Zot:3    | Found a large runed translucent door.
 99807 | Zot:3    | Noticed Psyclone's ghost (legendary OpIE)
 99822 | Zot:3    | Noticed an orb of fire
 99835 | Zot:3    | Killed an orb of fire
 99844 | Zot:3    | Received a gift from Okawaru
100845 | Zot:3    | Received a gift from Okawaru
100848 | Zot:3    | Reached skill level 25 in Fighting
101201 | Zot:3    | Noticed Vv
101216 | Zot:3    | Killed Vv
101521 | Zot:3    | Killed Psyclone's ghost
102040 | Zot:4    | Reached XP level 26. HP: 247/260 MP: 23/30
102348 | Zot:4    | Reached skill level 26 in Fighting
102527 | Zot:4    | Learned a level 2 spell: Wereblood
102601 | Zot:5    | Entered Level 5 of the Realm of Zot
102960 | Zot:5    | Received a gift from Okawaru
103459 | Zot:5    | Received a gift from Okawaru
103686 | Zot:5    | Noticed a dread lich
103708 | Zot:5    | Killed a dread lich
104079 | Zot:5    | Noticed an orb of fire
104086 | Zot:5    | Gained mutation: You are frail. (-10% HP) [an orb of fire]
104087 | Zot:5    | Killed an orb of fire
104088 | Zot:5    | Reached skill level 27 in Fighting
104138 | Zot:5    | Noticed an orb of fire
104140 | Zot:5    | Noticed an ancient lich
104144 | Zot:5    | Noticed a dread lich
104156 | Zot:5    | Noticed an orb of fire
104157 | Zot:5    | Noticed a dread lich
104157 | Zot:5    | Gained mutation: You are weak. (Str -2) [an orb of fire]
104641 | Zot:5    | Killed an ancient lich
104642 | Zot:5    | Noticed an orb of fire
104661 | Zot:5    | Killed an orb of fire
104661 | Zot:5    | Received a gift from Okawaru
104669 | Zot:5    | Killed an orb of fire
104942 | Zot:5    | Noticed an orb of fire
104954 | Zot:5    | Killed an orb of fire
105223 | Zot:5    | Noticed an orb of fire
105262 | Zot:5    | Noticed an orb of fire
105267 | Zot:5    | Gained mutation: Your spells are a little easier to cast,
                  | but a little less powerful. [an orb of fire]
105269 | Zot:5    | Gained mutation: You are very weak. (Str -4) [an orb of
                  | fire]
105271 | Zot:5    | Gained mutation: Your magical capacity is low. (-10% MP)
                  | [an orb of fire]
105274 | Zot:5    | Killed an orb of fire
105279 | Zot:5    | Noticed an orb of fire
105280 | Zot:5    | Received a gift from Okawaru
105287 | Zot:4    | Gained mutation: You are very frail. (-20% HP) [an orb of
                  | fire]
105295 | Zot:4    | Killed an orb of fire
105872 | Zot:5    | Gained mutation: Your body often deteriorates upon taking
                  | damage. [an orb of fire]
105876 | Zot:5    | Gained mutation: You occasionally shout uncontrollably at
                  | your foes. [an orb of fire]
105880 | Zot:5    | Gained mutation: You frequently scream uncontrollably at
                  | your foes. [an orb of fire]
105885 | Zot:5    | Killed from afar by an orb of fire

Illustrated notes

Levels and vault maps discovered:
D:1:      psy_arrival_fountain, layout_basic, hellmonk_ecumenical_altar_blasted,
          serial_corexii_hall, chequers_hall_statues_corner_a,
          corexii_hall_statues_u
D:2:      layout_basic, fountainhead, uniq_crazy_yiuf_cottage
D:3:      layout_rooms, uniq_sigmund, uniq_ijyb
D:4:      layout_cave_pods, mainiacjoe_overflow_small_starburst, abandoned_shop,
          uniq_duvessa, uniq_menkaure
D:5:      layout_rooms, serial_shops, nicolae_shop_bloodbath_and_beyond,
          nicolae_shop_advertising_works [nicolae_subvault_shop_adworks],
          uniq_eustachio, uniq_grinder
D:6:      corexii_shantytown, layout_loops_ring, temple_green, serial_shops,
          nicolae_diamond_shop, kennysheep_decorative_pillar,
          hangedman_abyss_or_decor_stabs, guppyfry_shop_venom
D:7:      layout_basic
D:8:      layout_loops_ring, enter_bailey_4, kennysheep_generic_room_10
D:9:      layout_roguey, uniq_erica
D:10:     layout_rooms, hiddenorc1_lemuel, minivault_20, uniq_nergalle
D:11:     layout_irregular_city, lair_entry_dummy, portal_ice_cave_rime
D:12:     layout_loops_ring, uniq_gastronok
D:13:     layout_basic, david_vaults_3, serial_shops, shop,
          nicolae_shop_clearance
D:14:     layout_gridville
D:15:     gammafunk_depths_entry_grave, layout_cave_pools, elyvilon_altar_1,
          grunt_decor_arrowhead
Temple:   mainiacjoe_temple_trianglar_array
Lair:1:   layout_misc_corridors, grunt_megastairs_1,
          infiniplex_staircase_pool_2, lemuel_fruit_tree
Lair:2:   layout_gridlike, spider_nest_entry_web_field, grunt_megastairs_4,
          uniq_urug
Lair:3:   layout_chaotic_city, minmay_shoals_entry_beasts
Lair:4:   layout_misc_corridors, chequers_serial_rivers_micro_e,
          serial_bayou_shore_a
Lair:5:   layout_layer_cave, grunt_megastairs_2
Lair:6:   gammafunk_lair_ancient_temple, layout_regular_city, slime_dummy,
          worms_lemuel, uniq_kirke
Shoals:1: layout_shoals
Shoals:2: dreamdust_from_the_deep, layout_shoals, serial_shops, shop,
          uniq_ilsuiw
Shoals:3: layout_shoals, serial_shops, nicolae_shop_stone,
          nicolae_take_the_stairs, nicolae_shoals_spectral_cove
Shoals:4: shoals_end_hellmonk_storm_palace [storm_palace_center_square,
          storm_palace_corner_blocked, storm_palace_corner_narrow,
          storm_palace_corner_pillars, storm_palace_corner_narrow],
          serial_shops, uniq_mara, uniq_polyphemus
Spider:1: layout_spider_delve, hellmonk_ghost_happy_afterlife
Spider:2: layout_spider_delve, nicolae_orb_island
Spider:3: layout_spider_delve, special_room [special_room_bee], drop_trap
Spider:4: grunt_spider_rune_island, ebering_ghost_reflecting_pool
Orc:1:    layout_caves, basic_altar, gammafunk_ghost_cemetery,
          kennysheep_orc_chapel, uniq_fannar, uniq_harold
Orc:2:    st_orc_rangers, layout_caves, library_closet,
          hangedman_feature_mirror, uniq_erolcha, uniq_jorgrun, uniq_saint_roka,
          uniq_maurice, uniq_sonja
Elf:1:    minmay_ambush_box, layout_loops_corners, basic_altar,
          kennysheep_underground_church, bh_hangedman_babel_library
Elf:2:    elven_hall_of_blades_hangedman_alternative [nicolae_blade_tridents],
          layout_gridlike, serial_shops, nicolae_diamond_shop,
          nicolae_elf_crossing_hall, uniq_louise
Elf:3:    minmay_elf_hall_dome, layout_geoelf_diagonals, lemuel_statue_altar,
          minmay_shop_grove
Vaults:1: nicolae_vaults_three_branches, hangedman_vaults_unwind, v_misc_15,
          vaults_room_door_ring, nicolae_vaults_hallways_thing,
          hangedman_vaults_pinch, hangedman_vaults_variations,
          vaults_room_corners, vaults_mumra_hex, vaults_room_ringed_pool,
          vaults_dpeg_cross, layout_vaults_omnibox, uniq_nikola
Vaults:2: biasface_ghost_orc_armoury, nicolae_vaults_twisting_passages,
          grunt_vaults_twisty, nicolae_vaults_triangles, vaults_mumra_minichess,
          st_lines, hangedman_vaults_nails, layout_vaults_quadrants
Vaults:3: minmay_crypt_entry_vampire_xt, hangedman_vaults_impose,
          grunt_vaults_bifocal, grunt_vaults_funnel,
          vaults_mumra_minichess_inversion, nicolae_vaults_asterisk,
          hangedman_vaults_nodes, nicolae_vaults_gold_heap,
          layout_vaults_big_room, serial_shops, shop, uniq_donald
Vaults:4: v_misc_15, nicolae_vaults_c_with_doors, nicolae_vaults_alarming,
          nicolae_vaults_inception_statues, grunt_vaults_focal,
          vaults_dpeg_encased_lava, nicolae_vaults_little_squares_6, v_misc_14,
          vaults_room_corners, vaults_dpeg_hooks, layout_vaults_omnicross,
          serial_shops, shop
Vaults:5: serial_shops
Crypt:1:  cheibrodos_crypt_3hun_7po, layout_rooms, hellmonk_ghost_big_iron,
          grunt_ministairs_15, fountainhead, st_stairs_8, lemuel_dead_fish_pool
Crypt:2:  layout_misc_corridors, st_stairs_13, grunt_ministairs_2,
          uniq_josephina
Crypt:3:  due_elkab, layout_chaotic_city, nicolae_tomb_entry_rubble_hallway,
          st_stairs_12, minivault_25, minivault_26, item_on_display_a
Depths:1: layout_cave_shapes, enter_ziggurat_e, grunt_hell_entry_dis_grunt,
          serial_shops, shop, nicolae_figureground_sparkle, minmay_shoptagon
Depths:2: minmay_the_grid_plus_closed [minmay_the_grid_medium_cups,
          minmay_the_grid_slots, minmay_the_grid_expand,
          minmay_the_grid_armoury, minmay_the_grid_prize_big_room],
          layout_cave_pools, grunt_pan_entry_zigzag, old_standard_altar,
          hangedman_tar_grid_catacomb, serial_shops, nicolae_shop_statue_plus,
          nicolae_stop_n_shop_1, shop, nicolae_lakefront_shop, shop,
          st_stairs_7, minmay_staircase_windowed_large
Depths:3: hangedman_hanging_gardens, layout_gridville, pf_coc_iceberg,
          rand_demon_pan_entry_3, dreamdust_wishing_well, abyss_entry,
          evilmike_spriggan_trog_shrine, infiniplex_staircase_zigzag_2
Depths:4: grunt_x_marks_the_spot, layout_gridlike, mu_enter_wizlab_4,
          okawaru_gym_becter, hell_entry, uniq_xtahua, uniq_boris
Zot:1:    hangedman_zot_vaults_quadrants, layout_onion, grunt_ministairs_10
Zot:2:    dreamdust_black_sun_cult, layout_onion, bh_zot_ikea_curve
Zot:3:    layout_twisted_circle, ebering_ghost_disaster_area, uniq_vv
Zot:4:    layout_misc_corridors
Zot:5:    layout_misc_corridors, grunt_ministairs_15

Skill      XL: |  1  2  3  4  5  6  7  8  9 10 11 12 13 14 15 16 17 18 19 20 21 22 23 24 25 26 |
---------------+-------------------------------------------------------------------------------+-----
Axes           | 3 4 5 6 7 9 11 12 14 15 | 15.2
Throwing       | 2 3 4 5 6 7 8 10 13 | 13.8
Armour         | 5 8 11 12 15 16 19 21 24 25 | 25.5
Fighting       | 8 11 13 14 16 17 20 22 25 27 | 27.0
Shields        | 4 10 11 | 11.1
Evocations     | 2 5 9 12 | 12.8
Polearms       | 8 14 15 | 15.8
Invocations    | 5 8 11 | 11.3
Dodging        | 10 13 14 | 14.7
Translocations | 6 9 |  9.0
Spellcasting   | 3 |  3.0
Earth Magic    | 9 12 | 12.5
Transmutations | 8 11 | 11.1

Action                   |  1- 3 |  4- 6 |  7- 9 | 10-12 | 13-15 | 16-18 | 19-21 | 22-24 | 25-27 || total
-------------------------+-------+-------+-------+-------+-------+-------+-------+-------+-------++-------
Melee: War axe           |    52 |    44 |   236 |    61 |       |       |       |       |       ||   393
       Headbutt          |    10 |     5 |    26 |    98 |   251 |   363 |   369 |   308 |   158 ||  1588
       Trident           |       |       |       |   432 |   698 |       |       |       |       ||  1130
       Broad axe         |       |       |       |       |   457 |  1189 |  1124 |   961 |   489 ||  4220
       Staff             |       |       |       |       |       |       |       |    37 |       ||    37
       Unarmed           |       |       |       |       |       |       |       |       |     1 ||     1
Throw: Dart              |    10 |       |    59 |   119 |    46 |       |       |       |       ||   234
       Boomerang         |     4 |    38 |    35 |       |    57 |       |       |   189 |       ||   323
       Javelin           |       |       |     1 |    14 |   199 |   113 |   260 |   448 |   185 ||  1220
       Throwing net      |       |       |       |       |       |       |     3 |     2 |     3 ||     8
 Cast: Blink             |       |       |       |       |       |       |       |     4 |     4 ||     8
       Wereblood         |       |       |       |       |       |       |       |       |     6 ||     6
       Passwall          |       |       |       |       |       |       |       |       |     2 ||     2
Invok: Heroism           |       |       |     2 |    36 |   104 |   105 |   113 |   139 |    38 ||   537
       Finesse           |       |       |       |     2 |     5 |     7 |    10 |     8 |    10 ||    42
Evoke: Wand              |       |       |     8 |    40 |    34 |    10 |    13 |     6 |     1 ||   112
       Lightning rod     |       |       |       |     4 |    13 |    13 |     6 |     8 |     4 ||    48
       Condenser vane    |       |       |       |       |     4 |     5 |    12 |    11 |     3 ||    35
       Tin of tremorston |       |       |       |       |     4 |     7 |    15 |    17 |     4 ||    47
       Phial of floods   |       |       |       |       |     1 |     4 |     4 |     6 |     2 ||    17
  Use: Potion            |       |     4 |     3 |     2 |     7 |     5 |    15 |     7 |     9 ||    52
       Scroll            |       |       |     5 |    26 |    13 |    14 |    10 |    14 |     6 ||    88
 Stab: Invisible         |       |       |       |       |     4 |     1 |     9 |     6 |       ||    20
       Paralysed         |       |       |       |       |       |     4 |       |     2 |       ||     6
       Confused          |       |       |       |       |       |     1 |       |       |       ||     1
       Fleeing           |       |       |       |       |       |     1 |       |       |       ||     1
       Petrified         |       |       |       |       |       |       |     3 |       |       ||     3
       Distracted        |       |       |       |       |       |       |       |     1 |     1 ||     2
       Held in net/web   |       |       |       |       |       |       |       |       |     4 ||     4
Armor: Scale mail        |    27 |       |       |       |       |       |       |       |       ||    27
       Chain mail        |       |    25 |    61 |       |       |       |       |       |       ||    86
       Skin              |       |       |     7 |       |       |       |       |       |       ||     7
       Plate armour      |       |       |    58 |   257 |   186 |       |       |       |       ||   501
       Crystal plate arm |       |       |       |    28 |   426 |   765 |   495 |   235 |       ||  1949
       Gold dragon scale |       |       |       |       |       |       |       |   257 |   318 ||   575
Dodge: Dodged            |    22 |    14 |    70 |   127 |   250 |   358 |   407 |   451 |   317 ||  2016
Block: Buckler           |     9 |     8 |    50 |   169 |   558 |   227 |       |       |       ||  1021
       Reflection        |       |       |       |     1 |    87 |    92 |    29 |    18 |       ||   227
       Kite shield       |       |       |       |       |       |   999 |   959 |   797 |   385 ||  3140

Table legend: (Time is in decaauts)
 A = Elapsed time spent in this place.
 B = Non-inter-level travel time spent in this place.
 C = Inter-level travel time spent in this place.
 D = Time resting spent in this place.
 E = Time spent auto-exploring this place.
 F = Levels seen in this place.
 G = Mean time per level.
                   A        B        C        D        E       F      G
               +--------+--------+--------+--------+--------+-----+--------+
         Total | 104771 |  97612 |   7159 |  41860 |  37601 |  54 | 1940.2 |
       Dungeon |  25484 |  23103 |   2381 |   9128 |  10606 |  15 | 1698.9 |
        Temple |    481 |    402 |     79 |      0 |    396 |   1 |  481.0 |
          Lair |  10385 |   9298 |   1087 |   2590 |   4738 |   6 | 1730.8 |
        Shoals |   5926 |   5572 |    354 |   1350 |   2407 |   4 | 1481.5 |
   Spider Nest |  12931 |  12698 |    233 |   8940 |   2085 |   4 | 3232.8 |
  Orcish Mines |   4095 |   3790 |    305 |   1683 |   1177 |   2 | 2047.5 |
   Elven Halls |   6617 |   5936 |    681 |   2211 |   2671 |   3 | 2205.7 |
        Vaults |  13763 |  12698 |   1065 |   4831 |   4913 |   5 | 2752.6 |
         Crypt |   4617 |   4495 |    122 |   2437 |   1226 |   3 | 1539.0 |
        Depths |  10593 |  10001 |    592 |   5223 |   3011 |   4 | 2648.2 |
           Zot |   8806 |   8551 |    255 |   3118 |   4133 |   5 | 1761.2 |
         Abyss |      9 |      9 |      0 |      0 |      0 |   1 |    9.0 |
        Wizlab |   1058 |   1058 |      0 |    345 |    234 |   1 | 1058.0 |
               +--------+--------+--------+--------+--------+-----+--------+

Top non-repeatable levels by time:
Spider:2: 6114 daAuts
Depths:4: 5204 daAuts
Vaults:2: 3724 daAuts
Vaults:1: 3687 daAuts
    D:11: 3239 daAuts
   Elf:3: 3114 daAuts
 Crypt:2: 2943 daAuts
    D:14: 2916 daAuts
    D:12: 2841 daAuts
Spider:1: 2594 daAuts
Vaults:5: 2410 daAuts
   Orc:1: 2280 daAuts
Spider:3: 2258 daAuts
   Zot:5: 2254 daAuts
Vaults:3: 2202 daAuts
